 Dungeon Crawl Stone Soup version 0.29-a0-194-g6e3aafee17 (webtiles) character file.

Game seed: 6960731471065381251

4 mcwallace the Firebug (level 1, -1/11 HPs)
             Began as an Octopode Fire Elementalist on Feb 23, 2022.
             Frozen to death by an endoplasm (4 damage)
             ... on level 1 of the Dungeon.
             The game lasted 00:00:38 (77 turns).

mcwallace the Firebug (Octopode Fire Elementalist)    Turns: 77, Time: 00:00:38

Health: -1/11      AC:  1    Str:  7    XL:     1   Next: 60%
Magic:  0/3        EV: 13    Int: 17    God:
Gold:   0          SH:  0    Dex: 12    Spells: 3/4 levels left

rFire   . . .      SeeInvis .   (no weapon)
rCold   . . .      Faith    .   (no shield)
rNeg    . . .      Spirit   .   (helmet restricted)
rPois   .          Reflect  .   (no amulet)
rElec   .          Harm     .   (no ring)
rCorr   .          Rampage  .   (no ring)
Will    .....                   (no ring)
Stlth   +++.......              (no ring)
HPRegen 0.03/turn               (no ring)
MPRegen 0.08/turn               (no ring)
                                (no ring)
                                (no ring)

@: no status effects
A: almost no armour, amphibious, 8 rings, camouflage 1, gelatinous body 1,
(nimble swimmer 1), tentacles
a: no special abilities


You were on level 1 of the Dungeon.
You visited 1 branch of the dungeon, and saw 1 of its levels.


Innate Abilities, Weirdness & Mutations

You cannot wear most types of armour.
You are amphibious.
You can wear up to eight rings at the same time.
Your skin changes colour to match your surroundings (Stealth+).
Your rubbery body absorbs attacks. (AC +1, EV +1)
((You are camouflaged when in or above water. (Stealth+)))
You have tentacles for arms and can constrict up to eight enemies at once.


   Skills:
 + Level 0.2 Fighting
 + Level 2.0 Dodging
 - Level 2.6 Stealth
 + Level 2.0 Spellcasting
 + Level 1.1 Conjurations
 + Level 3.0 Fire Magic


You had 3 spell levels left.
You knew the following spells:

 Your Spells              Type           Power      Damage    Failure   Level
a - Foxfire               Conj/Fire      32%        2x1d5     9%          1

Your spell library contained the following spells:

 Spells                   Type           Power      Damage    Failure   Level
 Scorch                   Fire           24%        2d6       9%          2
 Conjure Flame            Conj/Fire      8%         6-21      24%         3
 Inner Flame              Hex/Fire       6%         N/A       30%         3
 Flame Wave               Conj/Fire      8%         2d5       63%         4

You aren't carrying anything.

Dungeon Overview and Level Annotations

Branches:
Dungeon (1/15)

Altars:

####### #.....#
##.8.8.# ##...8..#
##...8.8.#
##........#
#.⌠.⌠.###.#
##.######v.J..#.'.#
...)....'.@8..#<#.#
.#.######..v..#.+.#
#.⌠.⌠.###.#
##....†...#
##...8.8.#
##...8..# ##.8.8.#
#.....# #######


You could see an endoplasm (ally target).


Message History

🤖 Initializing magus.rc ...
Options error: Delay interrupt name "hungry" not recognised. (~/.crawlrc:4770) Options error: Bad monster_list_colour key: strict_neutral (~/.crawlrc:4785) ✅ Successfully initialized magus.rc [v1.9.6] Welcome, mcwallace the Octopode Fire Elementalist.
Are you destined to find the sublime Orb of Zot, or to die trying?
Press ? for a list of commands and other information.
Found a staircase leading out of the dungeon.
You open the door.
There is an open door here.
There is a fountain of clear blue water here.
There is a fountain of clear blue water here.
You open the door.
A rat comes into view.
You conjure some foxfire! 😎 MP[-1]
You lost 1 mp, and now have 2/3 mp.
The foxfire hits the rat.
You kill the rat!
There is an open door here.
A kobold and a hobgoblin come into view.
The kobold shouts!
You hear an angry hiss. 😎 MP[+1]
Your mp is fully restored (3).
You conjure some foxfire!
The hobgoblin shouts! 😎 MP[-1]
You lost 1 mp, and now have 2/3 mp.
The foxfire hits the kobold.
You conjure some foxfire!
An endoplasm comes into view. 😎 MP[-1]
You lost 1 mp, and now have 1/3 mp.
The foxfire hits the kobold.
You kill the kobold!
There is an open door here.
You conjure some foxfire! 😎 MP[-1]
You lost 1 mp, and now have 0/3 mp.
The foxfire hits the hobgoblin but does no damage. x2
A frilled lizard comes into view.
You are too depleted to draw on your mana recklessly!
A goblin comes into view. It is wielding a +0 dagger.
There is an open door here. 😎 MP[+1]
You conjure some foxfire! 😎 MP[-1]
You lost 1 mp, and now have 0/3 mp.
The foxfire hits the hobgoblin but does no damage.
The foxfire hits the hobgoblin.
You tentacle-slap the hobgoblin but do no damage.
You grab the hobgoblin.
You constrict the hobgoblin, but do no damage.
The hobgoblin hits you but does no damage.
You tentacle-slap the hobgoblin but do no damage.
You constrict the hobgoblin. The hobgoblin barely misses you.
You tentacle-slap the hobgoblin.
You kill the hobgoblin!
You barely miss the frilled lizard. You grab the frilled lizard.
You squeeze the frilled lizard.
You kill the frilled lizard! 😎 MP[+1]
The endoplasm freezes you.
You are frozen. 😮 HP[-5]
You take 5 damage, and now have 6/11 hp.
MASSIVE DAMAGE!! (PAUSE)
Casting: Foxfire (safe; 9% risk of failure)
Confirm with . or Enter, or press ? or * to list all spells.
You conjure some foxfire!
The endoplasm hits you.
* * * LOW HITPOINT WARNING * * *
😨 HP[-1] MP[-1]
You take 1 damage, and now have 5/11 hp.
You lost 1 mp, and now have 0/3 mp.
The foxfire hits the endoplasm. x2
There is a fountain of clear blue water here.
You tentacle-slap the endoplasm but do no damage.
The endoplasm hits you.
* * * LOW HITPOINT WARNING * * *
😨 HP[-1]
You take 1 damage, and now have 4/11 hp.
You tentacle-slap the endoplasm. The endoplasm hits you.
* * * LOW HITPOINT WARNING * * *
😨 HP[-1]
You take 1 damage, and now have 3/11 hp.
You tentacle-slap the endoplasm but do no damage.
Your squeeze misses the endoplasm.
The endoplasm completely misses you. 😨 MP[+1]
Casting: Foxfire (safe; 9% risk of failure)
Confirm with . or Enter, or press ? or * to list all spells.
You conjure some foxfire!
The endoplasm freezes you.
You are frozen.
You die...

Action                   || total
-------------------------++-------
Melee: Unarmed           ||     7
       Constrict         ||     2
       Tentacles         ||     1
 Cast: Foxfire           ||     7
Armor: Skin              ||     1
Dodge: Dodged            ||     2

Levels and vault maps discovered:
D:1:      ncdulo_halloftheorcs, layout_loops_corners, chequers_arboretum,
          chequers_serial_rivers_room_b, nrook_campfire

Notes
Turn   | Place    | Note
-------+----------+-------------------------------------------
     0 | D:1      | mcwallace the Octopode Fire Elementalist began the quest
                  | for the Orb.
     0 | D:1      | Reached XP level 1. HP: 11/11 MP: 3/3
     0 | D:1      | magus.rc [v1.9.6]
    77 | D:1      | Frozen to death by an endoplasm

Vanquished Creatures
  A hobgoblin (D:1)
  A kobold (D:1)
  A frilled lizard (D:1)
  A rat (D:1)
4 creatures vanquished.

Vanquished Creatures (others)
  8 foxfires (D:1)
8 creatures vanquished.

Grand Total: 12 creatures vanquished

Table legend:
 A = Non-vault XP
 B = Vault XP
 C = Vault XP percentage of total XP
 D = Non-vault monster count
 E = Vault monster count
 F = Vault count percentage of total count
                 A         B        C        D         E       F
            +---------+---------+-------+---------+---------+-------
      Total |       6 |       0 |   0.0 |       4 |       0 |   0.0
            +---------+---------+-------+---------+---------+-------
        D:1 |       6 |       0 |   0.0 |       4 |       0 |   0.0
            +---------+---------+-------+---------+---------+-------

Illustrated notes

Table legend:
 A = Kills in this place as a percentage of kills in entire the game.
 B = Kills by you in this place as a percentage of kills by you in the entire game.
 C = Kills by friends in this place as a percentage of kills by friends in the entire game.
 D = Other kills in this place as a percentage of other kills in the entire game.
 E = Experience gained in this place as a percentage of experience gained in the entire game.
 F = Experience gained in this place divided by the number of levels of this place that you have seen.
                   A       B       C       D       E      F
               +-------+-------+-------+-------+-------+----------------------
         Total | 100.0 | 100.0 |   N/A |   N/A | 100.0 |   6.0
       Dungeon | 100.0 | 100.0 |   N/A |   N/A | 100.0 |   6.0
               +-------+-------+-------+-------+-------+----------------------

Table legend: (Time is in decaauts)
 A = Elapsed time spent in this place.
 B = Non-inter-level travel time spent in this place.
 C = Inter-level travel time spent in this place.
 D = Time resting spent in this place.
 E = Time spent auto-exploring this place.
 F = Levels seen in this place.
 G = Mean time per level.
                   A        B        C        D        E       F      G
               +--------+--------+--------+--------+--------+-----+--------+
         Total |     77 |     77 |      0 |      0 |     34 |   1 |   77.0 |
       Dungeon |     77 |     77 |      0 |      0 |     34 |   1 |   77.0 |
               +--------+--------+--------+--------+--------+-----+--------+

Top non-repeatable levels by time:
     D:1: 77 daAuts
